 Dungeon Crawl Stone Soup version 0.27.1-3-gb3d3a73c9e (webtiles) character file.

Game seed: 8432237168827980752

36 belegose the Charlatan (level 3, -1/28 HPs)
             Began as a Demigod Artificer on Oct 22, 2021.
             Slain by a water moccasin skeleton (6 damage)
             ... on level 2 of the Dungeon.
             The game lasted 00:03:58 (1375 turns).

belegose the Charlatan (Demigod Artificer)          Turns: 1375, Time: 00:03:58

Health: -1/28      AC:  3    Str: 17    XL:     3   Next: 5%
Magic:  5/5        EV: 11    Int: 13    God:
Gold:   48         SH:  0    Dex: 14    Spells: 2/2 levels left

rFire    . . .     SeeInvis .   a - +2 dagger (elec)
rCold    . . .     Faith    .   (no shield)
rNeg     . . .     Spirit   .   k - +0 leather armour
rPois    .         Reflect  .   (no helmet)
rElec    .         Harm     .   (no cloak)
rCorr    .         Rampage  .   (no gloves)
Will     .....                  (no boots)
Stlth    ++........             (no amulet)
HPRegen  0.09/turn              (no ring)
MPRegen  0.09/turn              (no ring)

@: no status effects
A: high mp 1, forlorn
a: no special abilities


You were on level 2 of the Dungeon.
You visited 1 branch of the dungeon, and saw 2 of its levels.

You collected 48 gold pieces.

Inventory:

Hand Weapons
 a - a +2 dagger of electrocution (weapon)
 b - a +0 hunting sling
Missiles
 h - 25 stones
Armour
 k - a +0 leather armour (worn)
Wands
 c - a wand of flame (15) (quivered)
 d - a wand of charming (15)
Scrolls
 i - a scroll of magic mapping {unknown}
 j - a scroll of identify {unknown}
 l - a scroll of teleportation {unknown}
 m - a scroll of acquirement {unknown}
Potions
 f - 2 potions of curing {unknown}
 g - a potion of mutation {unknown}
Miscellaneous
 e - a piece from Xom's chessboard (15/15)


   Skills:
 + Level 1.5 Fighting
 + Level 0.5 Short Blades
 + Level 0.5 Throwing
 + Level 2.1 Armour
 - Level 0.8 Dodging
 + Level 1.3 Stealth
 + Level 2.9 Evocations


You had 2 spell levels left.
You didn't know any spells.
Your spell library was empty.

Dungeon Overview and Level Annotations

Branches:
Dungeon (2/15)

Annotations:
D:2 Natasha


Innate Abilities, Weirdness & Mutations

Your attributes grow dramatically as you level up.
You have an increased reservoir of magic. (+10% MP)
You shall have no god before yourself.


Message History

You have reached level 3!
Your experience leads to a dramatic increase in your attributes!
Increase (S)trength, (I)ntelligence, or (D)exterity?
You feel stronger. x4
There is an open door, spattered with blood here.
Found a stone staircase leading down.
g - a viscous golden potion
h - 25 stones (gained 1) As you open the door, it creaks loudly!
There is an open door here.
Found a scroll labelled KUIDUA MOAQ.
Found a murky yellow potion.
m - a scroll labelled KUIDUA MOAQ A quokka comes into view.
A water moccasin skeleton comes into view.
The quokka bites you.
You barely miss the quokka. The quokka barely misses you.
The quokka bites you but does no damage.
You hit the quokka. Lightning courses through the quokka!
You kill the quokka!
You see here a quokka corpse.
Natasha, Servant of Life and Death comes into view.
Natasha hisses angrily.
The water moccasin skeleton bites you.
You closely miss the water moccasin skeleton.
The water moccasin skeleton barely misses you.
The water moccasin skeleton bites you but does no damage.
You hit the water moccasin skeleton but do no damage.
The water moccasin skeleton bites you.
You barely miss the water moccasin skeleton.
The water moccasin skeleton bites you.
You hit the water moccasin skeleton.
The water moccasin skeleton is lightly damaged.
The water moccasin skeleton bites you.
You barely miss Natasha. The water moccasin skeleton bites you.
* * * LOW HITPOINT WARNING * * *
Natasha claws you.
* * * LOW HITPOINT WARNING * * *
You completely miss Natasha. The water moccasin skeleton bites you.
You die...

..... ###.#####.# #..
......###.#.###
........†.....# #
.......##.###.#.#
..!....##.....#.#
.......#........#
##.........#........#
...........#........+
...........#...h@...#
..###+####.#...Z....#
..... ..............#
+.... #.###########.#
.8. ... # .. ## .


You could see Natasha and a water moccasin skeleton.

Vanquished Creatures
  An adder (D:2)
  A ball python (D:1)
  3 endoplasms (D:1)
  4 goblins
  2 hobgoblins (D:1)
  2 quokkas
  6 bats (D:1)
  6 kobolds (D:1)
25 creatures vanquished.

Notes
Turn   | Place    | Note
-------+----------+-------------------------------------------
     0 | D:1      | belegose the Demigod Artificer began the quest for the Orb.
     0 | D:1      | Reached XP level 1. HP: 15/15 MP: 3/3
    42 | D:1      | Reached skill level 1 in Stealth
    98 | D:1      | Reached skill level 1 in Fighting
   616 | D:1      | Reached XP level 2. HP: 23/23 MP: 4/4
  1309 | D:2      | Reached XP level 3. HP: 28/28 MP: 5/5
  1366 | D:2      | Noticed Natasha
  1375 | D:2      | Slain by a water moccasin skeleton

Illustrated notes

Levels and vault maps discovered:
D:1:      heliophobic_arrival_battle_scene, layout_loops_cross
D:2:      layout_basic, ebering_ecumenical_altar_ruins,
          wander_ebering_terrifying_dragon_lair, uniq_natasha, uniq_jessica

Skill      XL: |  1 |
---------------+----+-----
Stealth        | 1 |  1.3
Fighting       | 1 |  1.5
Armour         | 2 |  2.1
Short Blades   | |  0.5
Throwing       | |  0.5
Dodging        | |  0.8
Evocations     | |  2.9

Action                   || total
-------------------------++-------
Melee: Club              ||    24
       Short sword       ||    46
       Dagger            ||    10
 Fire: Hunting sling     ||     3
 Stab: Sleeping          ||     3
Armor: Leather armour    ||    39
Dodge: Dodged            ||    53
